 Dungeon Crawl Stone Soup version 0.27.1-1-g398f81649c (webtiles) character file.

Game seed: 11015320409878725671

54 Descartes the Sneak (level 3, 0/19 HPs)
             Began as a Spriggan Wanderer on Sept 15, 2021.
             Slain by a river rat (5 damage)
             ... on level 3 of the Dungeon.
             The game lasted 00:03:09 (1990 turns).

Descartes the Sneak (Spriggan Wanderer)             Turns: 1990, Time: 00:03:09

Health: 0/19       AC:  2    Str:  9    XL:     3   Next: 66%
Magic:  4/4        EV: 17    Int: 15    God:
Gold:   87         SH:  0    Dex: 12    Spells: 2/2 levels left

rFire    . . .     SeeInvis +   f - +2 dagger (venom)
rCold    . . .     Faith    .   (shield restricted)
rNeg     . . .     Spirit   .   e - +0 robe
rPois    .         Reflect  .   (helmet restricted)
rElec    .         Harm     .   (no cloak)
rCorr    .         Rampage  .   (gloves unavailable)
Will     +....                  (boots unavailable)
Stlth    ++........             (no amulet)
HPRegen  0.06/turn              k - ring of willpower
MPRegen  0.09/turn              (no ring)

@: very quick
A: very small, no large weapons, unfitting armour, see invisible, speed 3
a: no special abilities


You were on level 3 of the Dungeon.
You visited 1 branch of the dungeon, and saw 3 of its levels.

You collected 87 gold pieces.

Inventory:

Hand Weapons
 f - a +2 dagger of venom (weapon)
 i - a +0 hunting sling
Missiles
 c - 78 stones (quivered)
 g - 5 sling bullets
 j - 9 poisoned darts
 n - 20 arrows
Armour
 e - a +0 robe (worn)
Jewellery
 k - a ring of willpower (left hand)
Scrolls
 a - 2 scrolls of vulnerability {unknown}
 b - a scroll of fear
 h - a scroll of immolation {unknown}
 l - 2 scrolls of magic mapping
 m - 2 scrolls of identify {unknown}
Potions
 d - a potion of degeneration {unknown}


   Skills:
 - Level 2.4 Fighting
 + Level 2.0 Short Blades
 - Level 1.3(1.7) Polearms
 - Level 1.3(1.7) Staves
 - Level 1.0 Throwing
 + Level 2.9 Dodging
 + Level 3.5 Stealth


You had 2 spell levels left.
You didn't know any spells.
Your spell library was empty.

Dungeon Overview and Level Annotations

Branches:
Dungeon (3/15)

Altars:

Shops:
D:2 (


Innate Abilities, Weirdness & Mutations

You are very small and have problems with some larger weapons.
You are too small for most types of armour.
You have supernaturally acute eyesight. (SInv)
You cover ground extremely quickly. (Speed+++)


Message History

You closely miss the kobold. The kobold hits you but does no damage.
You hit the kobold.
The kobold is poisoned.
The kobold is severely wounded.
The kobold barely misses you.
You hit the kobold but do no damage.
The kobold looks as sick as possible!
The kobold is severely wounded.
You kill the kobold!
Things that are here:
a +0 dagger; a kobold corpse An adder, a river rat and a worm come into view.
The adder hisses angrily.
The helpless worm fails to defend itself.
You puncture the worm!
The worm is almost dead.
The worm bites you!
You hit the worm.
You kill the worm!
Your Short Blades skill increases to level 2!
You enter the shallow water.
Moving in this stuff is going to be slow.
You see here a worm corpse.
You hit the river rat but do no damage.
The river rat is poisoned.
The river rat barely misses you.
You closely miss the river rat. The river rat completely misses you.
You barely miss the river rat. You hit the river rat.
The river rat looks as sick as possible!
The river rat is moderately wounded.
The river rat bites you.
* * * LOW HITPOINT WARNING * * *
You barely miss the river rat.
The river rat is heavily wounded.
The river rat closely misses you.
You hit the river rat but do no damage.
The river rat is heavily wounded.
The river rat closely misses you.
You closely miss the river rat.
The river rat is severely wounded.
The river rat bites you.
You die...

#.#*,##.. #.#*,#...
#K#*,#... #.#*,>...
############.####..#
#.........)........#
*#########.#######.####.##
**≈≈≈≈.≈Sr#.# #.# #.#
*≈########@.# #.# #.#
*,**≈≈,≈≈#### #.#**#.##
*≈*≈*****≈* #..,*#...
*≈*,*∩,**≈* ###,*####
*≈*≈***,*≈* **,**
*≈*≈≈,≈**≈* **,,,**
*≈*******≈* **,,,,,**
**≈≈≈,≈≈≈*** ****,,,,,<,**
*********,* *,,,,,,,,,,,,


You could see an adder and a river rat (very poisoned).

Vanquished Creatures
  2 adders (D:2)
  2 worms
  A dart slug (D:2)
  3 bats (D:2)
  An endoplasm (D:2)
  2 giant cockroaches (D:1)
  5 goblins
  2 hobgoblins (D:2)
  5 kobolds
  A quokka (D:1)
  3 ball pythons
  A frilled lizard (D:2)
  A rat (D:2)
29 creatures vanquished.

Vanquished Creatures (others)
  A rat (D:2)
1 creature vanquished.

Grand Total: 30 creatures vanquished

Notes
Turn   | Place    | Note
-------+----------+-------------------------------------------
     0 | D:1      | Descartes the Spriggan Wanderer began the quest for the
                  | Orb.
     0 | D:1      | Descartes set off with the following items: a +2 dagger, a
                  | scroll of fear, a +0 falchion, a +0 quarterstaff, a +0 robe
     0 | D:1      | Reached XP level 1. HP: 11/11 MP: 2/2
   402 | D:1      | Reached skill level 2 in Stealth
   917 | D:1      | Found a faded altar of an unknown god.
   969 | D:2      | Reached skill level 1 in Short Blades
   969 | D:2      | Reached XP level 2. HP: 11/16 MP: 3/3
  1100 | D:2      | Reached skill level 3 in Stealth
  1106 | D:2      | Reached XP level 3. HP: 11/19 MP: 4/4
  1856 | D:2      | Found Ytuxkoul's Weapon Emporium.
  1990 | D:3      | Slain by a river rat

Illustrated notes

Levels and vault maps discovered:
D:1:      sevenhm_arrival_forest_fort_small_3, layout_loops_corners,
          shapermc_ecumenical_altar_pompeii
D:2:      layout_rooms, serial_shops, shop, lemuel_old_faithful
D:3:      layout_loops_ring, gup_sewer_entry_spiral, goddamned_bats

Skill      XL: |  1  2  3 |
---------------+----------+-----
Stealth        | 2 3 |  3.5
Short Blades   | 1 2 |  2.0
Dodging        | 2 |  2.9
Fighting       | |  2.4
Polearms       | |  1.3
Staves         | |  1.3
Throwing       | |  1.0

Action                   || total
-------------------------++-------
Melee: Dagger            ||    72
  Use: Scroll            ||     1
       Potion            ||     1
 Stab: Sleeping          ||     6
Armor: Robe              ||     4
Dodge: Dodged            ||    39
